 Dungeon Crawl Stone Soup version 0.30-a0-672-gc3a7216ad8 (webtiles) character file.

Game seed: 16739337134289253945

3186 Absynth the Covert (level 10, -1/51 (53) HPs)
             Began as a Kobold Brigand on Jan 18, 2023.
             Was an Initiate of Ashenzari.
             Slain by Psyche
             ... wielding a +4 dagger of chaos
              (11 damage)
             ... on level 8 of the Dungeon.
             The game lasted 00:29:34 (7373 turns).

Absynth the Covert (Kobold Brigand)                 Turns: 7373, Time: 00:29:35

HP:   -1/51 (53)    AC:  8    Str:  8    XL:     10   Next: 16%
MP:   14/16         EV: 17    Int: 16    God:    Ashenzari [......]
Gold: 307           SH:  0    Dex: 18    Spells: 13/17 levels left

rFire   . . .      SeeInvis .    l - +4 dagger (elec)
rCold   . . .      Faith    .    (no shield)
rNeg    . . .      Spirit   .    b - +0 robe
rPois   +          Reflect  .    (no helmet)
rElec   .          Harm     .    c - +0 cloak
rCorr   .          Rampage  .    (no gloves)
Will    .....                    z - +0 pair of boots
Stlth   ++++++                   (no amulet)
HPRegen 0.28/turn                j - +4 ring of protection
MPRegen 0.15/turn                n - ring of poison resistance

@: mighty, on blink cooldown, lightly drained
A: small, no large weapons, nightstalker 3
a: Renounce Religion


You were on level 8 of the Dungeon.
You worshipped Ashenzari.
Ashenzari was noncommittal.
You visited 2 branches of the dungeon, and saw 9 of its levels.

You collected 421 gold pieces.
You spent 114 gold pieces at shops.

Inventory:

Hand Weapons
 l - a +4 dagger of electrocution (weapon)
Missiles
 d - 19 poisoned darts (quivered)
 e - 3 curare-tipped darts
 s - a throwing net
Armour
 b - a +0 robe (worn)
 c - a +0 cloak (worn)
 y - a +2 chain mail of fire resistance
 z - a +0 pair of boots (worn)
Jewellery
 j - a +4 ring of protection (left hand)
 n - a ring of poison resistance (right hand)
Wands
 r - a wand of iceblast (6)
 t - a wand of charming (15)
 H - a wand of digging (3)
Scrolls
 g - 3 scrolls of enchant armour {unknown}
 i - a scroll of blinking {unknown}
 o - a scroll of immolation {unknown}
 p - a scroll of fear {unknown}
 u - a scroll of noise {unknown}
 w - a scroll of butterflies {unknown}
 C - 3 scrolls of vulnerability {unknown}
 D - 3 scrolls of teleportation {unknown}
 G - a scroll of identify
 J - a scroll of magic mapping {unknown}
Potions
 a - a potion of haste {unknown}
 h - 2 potions of degeneration {unknown}
 k - a potion of ambrosia {unknown}
 m - 7 potions of curing
 q - a potion of resistance {unknown}
 v - 2 potions of invisibility
 x - 2 potions of mutation {unknown}
 A - 2 potions of magic {unknown}
 B - 2 potions of brilliance {unknown}
 E - a potion of might {unknown}
 F - 2 potions of attraction {unknown}
 I - a potion of cancellation {unknown}


   Skills:
 - Level 2.1 Fighting
 + Level 9.4 Short Blades
 - Level 2.1 Throwing
 - Level 5.1 Dodging
 - Level 10.0 Stealth
 + Level 4.3 Spellcasting
 + Level 4.1 Hexes
 + Level 4.3 Translocations
 + Level 4.6 Ice Magic


You had 13 spell levels left.
You knew the following spells:

 Your Spells              Type           Power      Damage    Failure   Level
a - Ensorcelled Hibernat  Hex/Ice        34%        N/A       4%          2
b - Blink                 Tloc           34%        N/A       4%          2

Your spell library contained the following spells:

 Spells                   Type           Power      Damage    Failure   Level
 Lesser Beckoning         Tloc           34%        N/A       4%          2
 Momentum Strike          Conj/Tloc      20%        3d8       10%         2
 Spider Form              Tmut/Pois      3%         N/A       43%         3
 Anguish                  Hex/Necr       5%         N/A       56%         4


Dungeon Overview and Level Annotations

Branches:
Dungeon (8/15)             Temple (1/1) D:7
   Lair: D:8-11

Altars:
Ashenzari
Cheibriados
Dithmenos
Elyvilon
Fedhas
Gozag
Hepliaklqana
Kikubaaqudgha
Makhleb
Nemelex Xobeh
Okawaru
Qazlal
Ru
Sif Muna
Trog
Uskayaw
Wu Jian
Xom
Yredelemnul
Zin
The Shining One

Shops:
D:3 *

Annotations:
D:8 Psyche


Innate Abilities, Weirdness & Mutations

You are small and have problems with some larger weapons.
You are completely attuned to the shadows.


Message History

A swirling arc of seething chaos appears!
An arc of chaos appears from out of thin air!
The arc of chaos hits you.
* * * LOW HITPOINT WARNING * * *
You hear some strange, mumbled words.
Something tries to affect you, but you resist.
Casting: Blink (safe; 4% risk of failure)
Confirm with . or Enter, or press ? or * to list all spells.
You blink.
You feel stable enough to blink again.
Found 29 gold pieces and a wand of iceblast (6).
Found an escape hatch in the ceiling.
Found 29 gold pieces.
The howler monkey howls!
You hear a shout!
The cyan ugly thing gurgles horribly!
You hear a shout!
You hear a horrible gurgling sound!
Psyche appears from thin air!
Reactivating autopickup.
Psyche casts a spell.
Psyche flickers and vanishes!
Deactivating autopickup; reactivate with Ctrl-A.
You hear some strange, mumbled words.
A swirling arc of seething chaos appears!
An arc of chaos appears from out of thin air!
The arc of chaos hits you!
You feel drained.
* * * LOW HITPOINT WARNING * * *
You hear some strange, mumbled words.
A swirling arc of seething chaos appears!
An arc of chaos appears from out of thin air!
The arc of chaos hits you.
You feel drained.
* * * LOW HITPOINT WARNING * * *
Found 15 gold pieces.
Found an escape hatch in the floor.
Casting: Blink (safe; 4% risk of failure)
Confirm with . or Enter, or press ? or * to list all spells.
You blink.
You hear some strange, mumbled words.
Something tries to affect you, but you resist.
You barely miss something. You puncture something! Something hits you!
You die...

######
.....###
....ยง.@#
######.#
$cc#.#
huu#.#
...#.##
#..#
#..###
...# .$
/$.#.....
#..#.$B
$.$#.###.


You could see 2 ugly things, 2 centaur warriors and a howler monkey.

Vanquished Creatures
  Menkaure (D:7)
  5 water moccasins
  An ice beast (D:7)
  3 black bears
  2 sky beasts (D:7)
  2 ogres
  A phantom (D:5)
  2 bullfrogs
  2 necrophages (D:6)
  6 scorpions
  4 killer bees (D:7)
  A howler monkey (D:8)
  4 orc priests
  3 jellies
  5 hounds
  A scorpion zombie (D:3)
  2 iguanas
  9 orc wizards
  A hound skeleton (D:3)
  9 adders
  4 gnolls (D:3)
  2 white imps
  An ufetubus (D:5)
  3 worms
  37 orcs
  6 ball pythons
  4 endoplasms
  3 giant cockroaches
  8 goblins
  9 hobgoblins
  4 quokkas
  2 bats
  5 frilled lizards
  A jackal zombie (D:3)
  2 kobolds
  11 rats
166 creatures vanquished.

Notes
Turn   | Place    | Note
-------+----------+-------------------------------------------
     0 | D:1      | Absynth the Kobold Brigand began the quest for the Orb.
     0 | D:1      | Reached XP level 1. HP: 12/12 MP: 1/1
    66 | D:1      | Reached XP level 2. HP: 17/17 MP: 2/2
   248 | D:1      | Found a faded altar of an unknown god.
   288 | D:1      | Reached skill level 6 in Stealth
   374 | D:1      | Reached XP level 3. HP: 21/21 MP: 3/3
  1309 | D:2      | Reached XP level 4. HP: 26/26 MP: 4/4
  1588 | D:2      | Learned a level 2 spell: Blink
  1645 | D:3      | Found Ropumocs's Assorted Antiques.
  1738 | D:3      | Reached XP level 5. HP: 27/30 MP: 5/5
  1762 | D:3      | HP: 1/30 [gnoll/+0 halberd (11)]
  1778 | D:3      | Reached skill level 7 in Stealth
  2156 | D:3      | Reached skill level 1 in Spellcasting
  2217 | D:3      | Reached skill level 1 in Translocations
  2368 | D:3      | Reached XP level 6. HP: 28/28 MP: 7/7
  2793 | D:3      | Bought a grey potion for 21 gold pieces
  2793 | D:3      | Bought a scroll labelled INKIST GUMOU for 24 gold pieces
  2793 | D:3      | Bought a fuming green potion for 21 gold pieces
  2793 | D:3      | Bought a scroll labelled YNWYAL SONA for 24 gold pieces
  2793 | D:3      | Bought a scroll labelled VAEGRI ASAQIE for 24 gold pieces
  2844 | D:4      | Noticed an ogre
  2848 | D:4      | Killed an ogre
  3072 | D:4      | Noticed a water moccasin
  3076 | D:4      | Killed a water moccasin
  3077 | D:4      | Reached skill level 8 in Stealth
  3077 | D:4      | Reached XP level 7. HP: 40/40 MP: 8/10
  3226 | D:4      | Reached skill level 5 in Short Blades
  3546 | D:4      | HP: 1/40 [something (16)]
  3849 | D:4      | Found an ornate altar of the Wu Jian Council.
  3954 | D:5      | Entered Level 5 of the Dungeon
  4046 | D:5      | Identified the +1 scale mail of the Mackerel {Harm rF+
                  | Slay+3}
  4159 | D:4      | Reached XP level 8. HP: 35/44 MP: 12/12
  4194 | D:4      | Learned a level 2 spell: Ensorcelled Hibernation
  4355 | D:5      | Reached skill level 1 in Hexes
  4518 | D:5      | Reached skill level 9 in Stealth
  4720 | D:5      | Reached skill level 5 in Dodging
  4932 | D:5      | Reached XP level 9. HP: 41/48 MP: 5/14
  5194 | D:6      | Reached skill level 1 in Ice Magic
  5238 | D:6      | Found a white marble altar of Elyvilon.
  5260 | D:6      | Reached skill level 10 in Stealth
  5999 | D:7      | Noticed Menkaure
  6003 | D:7      | Killed Menkaure
  6136 | D:7      | Found a sacrificial altar of Ru.
  6262 | D:7      | Reached XP level 10. HP: 53/53 MP: 15/15
  6275 | D:7      | Found a staircase to the Ecumenical Temple.
  6281 | Temple   | Entered the Ecumenical Temple
  6309 | Temple   | Became a worshipper of Ashenzari the Shackled
  7076 | D:8      | Found a blossoming altar of Fedhas.
  7076 | D:8      | Found an opulent altar of Gozag.
  7080 | D:8      | Found a snail-covered altar of Cheibriados.
  7082 | D:8      | Found a hazy altar of Hepliaklqana.
  7216 | D:8      | Noticed a boulder beetle
  7252 | D:8      | Noticed Psyche
  7358 | D:8      | Noticed a cyan ugly thing
  7359 | D:8      | Noticed a centaur warrior
  7369 | D:8      | Noticed a centaur warrior
  7371 | D:8      | Noticed a green ugly thing
  7373 | D:8      | Slain by Psyche

Illustrated notes

Levels and vault maps discovered:
D:1:      psy_arrival_whirlpool, layout_rooms, ebering_ecumenical_altar_mist
D:2:      layout_loops_corners
D:3:      layout_loops_cross, serial_undead, serial_undead_d, serial_undead_a,
          serial_undead_c, serial_undead_d, serial_shops,
          nicolae_shop_hallway_plus
D:4:      kennysheep_six_static_rooms, layout_loops_ring,
          nzn_wu_jian_contemplation, nicolae_elevator_lobby_plus
D:5:      cheibrodos_fzero, layout_basic
D:6:      layout_rooms, elyvilon_altar_5, kennysheep_potato
D:7:      layout_loops_ring, mainiacjoe_overflow_paths,
          minmay_temple_entry_nine_rooms, uniq_menkaure
D:8:      layout_basic, grunt_temple_overflow_open, minivault_12, uniq_psyche
Temple:   minmay_temple_curvy_branch

Skill      XL: |  1  2  3  4  5  6  7  8  9 10 |
---------------+-------------------------------+-----
Short Blades   | 3 4 5 6 9 |  9.4
Stealth        | 6 7 8 9 10 | 10.0
Dodging        | 2 3 4 5 |  5.1
Spellcasting   | 1 2 3 4 |  4.3
Translocations | 1 2 3 4 |  4.3
Hexes          | 3 4 |  4.1
Ice Magic      | 4 |  4.6
Fighting       | |  2.1
Throwing       | |  2.1

Action                   |  1- 3 |  4- 6 |  7- 9 | 10-12 || total
-------------------------+-------+-------+-------+-------++-------
Melee: Dagger            |    67 |   139 |   240 |    51 ||   497
       Punch             |       |     4 |     3 |       ||     7
Throw: Dart              |     6 |    21 |     6 |     3 ||    36
 Cast: Blink             |       |       |     1 |     3 ||     4
       Ensorcelled Hiber |       |       |    29 |       ||    29
  Use: Scroll            |       |       |     9 |     2 ||    11
       Potion            |       |       |     1 |       ||     1
 Stab: Sleeping          |    18 |    16 |    39 |     4 ||    77
       Distracted        |       |     3 |       |     1 ||     4
Armor: Robe              |    16 |    21 |    59 |    12 ||   108
Dodge: Dodged            |    44 |    65 |   136 |    34 ||   279

Table legend: (Time is in decaauts)
 A = Elapsed time spent in this place.
 B = Non-inter-level travel time spent in this place.
 C = Inter-level travel time spent in this place.
 D = Time resting spent in this place.
 E = Time spent auto-exploring this place.
 F = Levels seen in this place.
 G = Mean time per level.
                   A        B        C        D        E       F      G
               +--------+--------+--------+--------+--------+-----+--------+
         Total |   7239 |   7020 |    219 |    838 |   4405 |   9 |  804.3 |
       Dungeon |   6962 |   6749 |    213 |    838 |   4147 |   8 |  870.2 |
        Temple |    276 |    270 |      6 |      0 |    258 |   1 |  276.0 |
               +--------+--------+--------+--------+--------+-----+--------+

Top non-repeatable levels by time:
     D:4: 1190 daAuts
     D:3: 1188 daAuts
     D:5: 1124 daAuts
     D:2: 977 daAuts
     D:7: 917 daAuts
     D:6: 653 daAuts
     D:1: 621 daAuts
     D:8: 290 daAuts
  Temple: 276 daAuts
